 Dungeon Crawl Stone Soup version 0.29-a0-344-ge2f44be95a (webtiles) character file.

Game seed: 9554636157716536341

454 Flugkiller the Skirmisher (level 6, -5/48 HPs)
             Began as a Palentonga Chaos Knight on Apr 22, 2022.
             Was a Plaything of Xom.
             Slain by a water moccasin (8 damage)
             ... on level 7 of the Dungeon.
             The game lasted 00:02:05 (2880 turns).

Flugkiller the Skirmisher (Palentonga Chaos Knight) Turns: 2880, Time: 00:02:05

Health: -5/48      AC:  7    Str: 19    XL:     6   Next: 76%
Magic:  6/6        EV:  9    Int: 13    God:    Xom [...*..]
Gold:   146        SH:  0    Dex:  7    Spells: 5/5 levels left

rFire   . . .      SeeInvis +   a - +0 hand axe (chaos)
rCold   . . .      Faith    .   (no shield)
rNeg    . . .      Spirit   .   b - +2 leather armour
rPois   .          Reflect  .   (no helmet)
rElec   .          Harm     .   (no cloak)
rCorr   .          Rampage  .   i - +0 pair of gloves
Will    .....                   (no barding)
Stlth   +.........              (no amulet)
HPRegen 0.16/turn               (no ring)
MPRegen 0.10/turn               (no ring)

@: about to teleport
A: large, rugged brown scales 3, see invisible, deformed body, roll 2, armoured
tail, hooves 1, clumsy 1, frail 2, strong 1
a: Rolling Charge, Renounce Religion


You were on level 7 of the Dungeon.
You worshipped Xom.
You were a favourite toy of Xom.
You visited 1 branch of the dungeon, and saw 5 of its levels.

You collected 146 gold pieces.

Inventory:

Hand Weapons
 a - a +0 hand axe of chaos (weapon)
 r - a +0 trident
   (You found it on level 2 of the Dungeon)
Missiles
 n - a throwing net
Armour
 b - a +2 leather armour (worn)
 i - a +0 pair of gloves (worn)
   (You found it on level 1 of the Dungeon)
Wands
 s - a wand of paralysis (1)
   (You took it off Ijyb on level 3 of the Dungeon)
Scrolls
 e - a scroll of holy word {unknown}
 g - a scroll of enchant weapon {unknown}
 h - a scroll of fog {unknown}
 k - a scroll of fear {unknown}
 m - a scroll of amnesia {unknown}
 o - 2 scrolls of blinking {unknown}
 p - a scroll of enchant armour {unknown}
 t - a scroll of teleportation
Potions
 d - a potion of brilliance {unknown}
 f - a potion of heal wounds {unknown}
 j - 2 potions of lignification
 l - a potion of magic {unknown}
 q - a potion of curing
Miscellaneous
 c - a piece from Xom's chessboard (15/15) (quivered)


   Skills:
 + Level 7.7 Fighting
 - Level 3.0 Axes
 - Level 1.5 Armour
 - Level 0.7 Dodging


You had 5 spell levels left.
You didn't know any spells.
Your spell library contained the following spells:

 Spells                   Type           Power      Damage    Failure   Level
 Beastly Appendage        Tmut           0%         N/A       36%         1
 Scorch                   Fire           0%         2d5       50%         2
 Sublimation of Blood     Necr           0%         N/A       50%         2
 Wereblood                Tmut           0%         N/A       50%         2
 Spider Form              Tmut/Pois      0%         N/A       73%         3
 Flame Wave               Conj/Fire      0%         2d4       98%         4
 Sticky Flame             Conj/Fire      0%         2d3       98%         4
 Fireball                 Conj/Fire      0%         3d3       100%        5
 Summon Hydra             Summ           0%         N/A       100%        7


Dungeon Overview and Level Annotations

Branches:
Dungeon (4/15)
 Temple: D:4-7

Altars:
Ashenzari


Innate Abilities, Weirdness & Mutations

You are completely covered in rugged brown scales. (AC +3, +7% HP)
You have supernaturally acute eyesight. (SInv)
Armour fits poorly on your strangely shaped body.
You can roll at foes to attack.
You have a long armoured tail.
You have large cloven feet.
You are clumsy. (Dex -2)
You are very frail. (-20% HP)
Your muscles are strong. (Str +2)


Message History

The hound returns to its original shape as it dies.
The gnoll hits you from afar with a +0 spear.
You see here a hound corpse.
The gnoll closely misses you.
You hit the gnoll but do no damage.
The gnoll appears confused.
Your kick misses the gnoll.
Your tail-slap misses the gnoll.
The gnoll hits you with a +0 spear.
You hit the gnoll.
The gnoll resists with some effort.
You kick the gnoll.
The gnoll is heavily wounded.
The gnoll hits you with a +0 spear.
Xom thinks this is hilarious!
The gnoll barely misses itself.
You barely miss the gnoll. Your kick misses the gnoll. You tail-slap the gnoll.
The gnoll is severely wounded.
You slash the gnoll! You burn the gnoll.
You kill the gnoll!
No target in view!
Things that are here:
a +0 robe; a +0 club You see here a +0 spear.
Found a robe.
HP restored.
You see here a +0 spear.
Things that are here:
a +0 robe; a +0 club
There is a stone staircase leading up here.
There is a stone staircase leading up here.
You see here a hound corpse.
Found a whip.
There is an open door here.
Xom's power brushes against you for a moment.
Your body is suffused with distortional energy.
Your skin functions as natural camouflage.
You feel stronger.
Your skin no longer functions as natural camouflage.
You feel you can roll further.
You are now a favourite toy of Xom.
You open the door.
Done exploring.
Done exploring.
Done exploring.
Done exploring.
(D) Dungeon
Where to? (Enter - D:2 @ (x,y), ? - help)
There is an open door here.
There is a stone staircase leading down here.
You climb downwards.
Found a stone staircase leading down.
There is a stone staircase leading up here.
Key pressed, stopping travel.
There is a stone staircase leading down here.
A sourceless malevolence fills the Dungeon...
You fall into a shaft and drop 3 floors!
The shaft crumbles and collapses.
Xom thinks this is hilarious!
An orc wizard and an orc come into view.
The orc wizard shouts!
The orc shouts!
You hear a shout!
An ice beast comes into view.
A water moccasin comes into view.
The ice beast hits you but does no damage.
The water moccasin hisses angrily.
You hit the ice beast. Your kick misses the ice beast.
The ice beast is lightly wounded.
The ice beast closely misses you.
Enter note: sigh Unknown command.
It was a potion of curing.
You feel better.
q - a potion of curing;
g - a scroll labelled RACOLL MOELL The ice beast hits you.
The ice beast freezes you!
Unknown command.
Okay, then.
As you read the scroll of teleportation, it crumbles to dust.
You feel strangely unstable.
The orc wizard gestures wildly while chanting.
The orc wizard flickers and vanishes for a moment.
The ice beast completely misses you.
Unknown command.
You hit the ice beast.
The ice beast goes berserk!
You tail-slap the ice beast, but do no damage.
The ice beast is moderately wounded.
You barely miss the water moccasin. The water moccasin bites you.
The ice beast barely misses you. The water moccasin bites you.
You hit the ice beast but do no damage. Your kick misses the ice beast.
The ice beast is moderately wounded.
You hit the water moccasin.
The water moccasin goes berserk!
The water moccasin bites you but does no damage.
The ice beast hits you but does no damage.
The water moccasin bites you! The ice beast hits you.
The ice beast freezes you!
* * * LOW HITPOINT WARNING * * *
You hit the water moccasin. You burn the water moccasin.
The water moccasin is moderately wounded.
You completely miss the ice beast. The water moccasin misses you.
The ice beast closely misses you.
The water moccasin bites you but does no damage.
An orc wizard comes into view. It is wielding a +0 dagger.
The ice beast hits you but does no damage.
The water moccasin bites you!
You die...
Xom howls with laughter!

#
..##.####
......Y.#
#@# #S#
#o# #o#
#.# ..#
#.##
..o..
#.###.#


You could see a water moccasin (berserk), an ice beast (berserk), 2 orc wizards
and an orc.

Vanquished Creatures
  Sigmund (D:3)
  A centaur (D:3)
  A hound (D:3)
  Jessica (D:3)
  Ijyb (D:3)
  An iguana (D:2)
  3 adders
  5 gnolls
  A worm (D:2)
  A dart slug (D:3)
  3 ball pythons
  2 endoplasms
  A giant cockroach (D:2)
  7 goblins
  5 hobgoblins
  A quokka (D:2)
  3 bats
  3 frilled lizards
  4 kobolds
  6 rats
51 creatures vanquished.

Notes
Turn   | Place    | Note
-------+----------+-------------------------------------------
     0 | D:1      | Flugkiller the Palentonga Chaos Knight began the quest for
                  | the Orb.
     0 | D:1      | Reached XP level 1. HP: 19/19 MP: 1/1
   108 | D:1      | XOM: divination: detect items
   232 | D:1      | Found a faded altar of an unknown god.
   513 | D:1      | XOM: cloud trail
   557 | D:2      | Reached XP level 2. HP: 23/25 MP: 2/2
   633 | D:2      | XOM: god gift: golden potion {god gift}
   653 | D:2      | Reached skill level 4 in Fighting
   705 | D:2      | Reached XP level 3. HP: 24/32 MP: 3/3
   764 | D:2      | XOM is BORED!
   764 | D:2      | XOM: noise
   803 | D:2      | XOM: cloud trail
   933 | D:2      | XOM: 2-stop teleportation journey
  1052 | D:2      | Got the Reference Book on the Mutagenic Arsonist
  1096 | D:2      | XOM: chaos cloud
  1103 | D:2      | XOM: summons 1 hostile demon
  1106 | D:2      | Reached XP level 4. HP: 40/40 MP: 4/4
  1115 | D:2      | Reached skill level 5 in Fighting
  1162 | D:2      | XOM: noise
  1186 | D:2      | Found a broken altar of Ashenzari.
  1604 | D:2      | XOM: noise
  1723 | D:2      | XOM: give mutations
  1723 | D:2      | Gained mutation: You are frail. (-10% HP) [Xom's mischief]
  1723 | D:2      | Gained mutation: You have large cloven feet. [Xom's
                  | mischief]
  1765 | D:3      | Noticed Ijyb
  1767 | D:3      | XOM: chaos cloud
  1773 | D:3      | Paralysed by Ijyb for 2 turns
  1778 | D:3      | Killed Ijyb
  2037 | D:3      | Noticed Jessica
  2043 | D:3      | Killed Jessica
  2044 | D:3      | Reached XP level 5. HP: 22/44 MP: 5/5
  2066 | D:2      | Reached skill level 6 in Fighting
  2107 | D:2      | XOM: give mutation
  2107 | D:2      | Gained mutation: You are very frail. (-20% HP) [Xom's
                  | mischief]
  2325 | D:3      | Noticed Sigmund
  2334 | D:3      | Killed Sigmund
  2335 | D:3      | Reached skill level 7 in Fighting
  2335 | D:3      | Reached XP level 6. HP: 47/47 MP: 6/6
  2375 | D:3      | XOM: summons 1 hostile shadow creature
  2442 | D:3      | XOM: polymorph hound -> centaur
  2467 | D:2      | XOM: torment (14/47 hp)
  2543 | D:2      | XOM: give mutations
  2543 | D:2      | Gained mutation: You are extremely frail. (-30% HP) [Xom's
                  | mischief]
  2543 | D:2      | Lost mutation: You are extremely frail. (-30% HP) [Xom's
                  | mischief]
  2543 | D:2      | Gained mutation: You are clumsy. (Dex -2) [Xom's mischief]
  2838 | D:3      | XOM: give mutations
  2838 | D:3      | Gained mutation: Your skin changes colour to match your
                  | surroundings (Stealth+). [Xom's mischief]
  2838 | D:3      | Gained mutation: Your muscles are strong. (Str +2) [Xom's
                  | mischief]
  2838 | D:3      | Lost mutation: Your skin changes colour to match your
                  | surroundings (Stealth+). [Xom's mischief]
  2838 | D:3      | Gained mutation: You can roll at foes to attack. [Xom's
                  | mischief]
  2871 | D:4      | You fall into a shaft and drop 3 floors!
  2873 | D:7      | Noticed an ice beast
  2874 | D:7      | Noticed a water moccasin
  2876 | D:7      | sigh
  2879 | D:7      | HP: 2/48 [ice beast (14)]
  2880 | D:7      | Slain by a water moccasin

Illustrated notes

#
..##.####
......Y.#
#@# #.#
#.# #.#
#S# o.#
#o##
.....
#.###.#


Turn 2876 on D:7: sigh

Levels and vault maps discovered:
D:1:      dpeg_arrival_stone_temple_mockup, layout_basic,
          dreamdust_ecumenical_altar_statues
D:2:      layout_basic, basic_altar
D:3:      layout_rooms, hangedman_glass_teeth, cheibrodos_gnoll_hut, uniq_ijyb,
          uniq_sigmund, uniq_jessica
D:4:      minmay_goblin_kobold_castle, layout_gridville, xom_butterflies,
          mainiacjoe_overflow_cross_hatched, general_overflow_altar,
          mainiacjoe_overflow_alcove_4, ebering_ghost_sewer_d
D:7:      layout_loops_cross, nicolae_specific_store, small_statue_intersection,
          nicolae_concentric_dashed_squares_wild, serial_park_tiny_pond

Skill      XL: |  1  2  3  4  5 |
---------------+----------------+-----
Fighting       | 4 5 7 |  7.7
Axes           | |  3.0
Armour         | |  1.5
Dodging        | |  0.7

Action                   |  1- 3 |  4- 6 || total
-------------------------+-------+-------++-------
Melee: Hand axe          |    60 |    84 ||   144
       Tailslap          |     4 |    12 ||    16
       Punch             |     1 |       ||     1
       Kick              |       |    14 ||    14
 Abil: Rolling Charge    |       |     2 ||     2
Evoke: Wand              |       |     2 ||     2
  Use: Scroll            |       |     2 ||     2
       Potion            |       |     2 ||     2
 Stab: Paralysed         |       |     9 ||     9
Armor: Leather armour    |    21 |    57 ||    78
       Skin              |       |     2 ||     2
Dodge: Dodged            |    24 |    36 ||    60

Table legend: (Time is in decaauts)
 A = Elapsed time spent in this place.
 B = Non-inter-level travel time spent in this place.
 C = Inter-level travel time spent in this place.
 D = Time resting spent in this place.
 E = Time spent auto-exploring this place.
 F = Levels seen in this place.
 G = Mean time per level.
                   A        B        C        D        E       F      G
               +--------+--------+--------+--------+--------+-----+--------+
         Total |   2918 |   2789 |    129 |    797 |   1553 |   5 |  583.6 |
       Dungeon |   2918 |   2789 |    129 |    797 |   1553 |   5 |  583.6 |
               +--------+--------+--------+--------+--------+-----+--------+

Top non-repeatable levels by time:
     D:2: 1726 daAuts
     D:3: 618 daAuts
     D:1: 549 daAuts
     D:4: 13 daAuts
     D:7: 9 daAuts
